 Dungeon Crawl Stone Soup version 0.16.1-18-g436b03c (webtiles) character file.

1119 4tharraofdagon the Chopper (level 8, 0/66 (70) HPs)
             Began as a Ghoul Gladiator on May 10, 2015.
             Was an Initiate of Ru.
             Killed from afar by an orc wizard (10 damage)
             ... with a magic dart
             ... on level 3 of the Dungeon.
             The game lasted 00:07:42 (1799 turns).

4tharraofdagon the Chopper (Ghoul Gladiator)        Turns: 1799, Time: 00:07:42

HP:   0/66 (70)     AC:  4    Str: 19      XL:     8   Next: 34%
MP:   9/15          EV: 12    Int: 10      God:    Ru [......]
Gold: 157           SH:  0    Dex:  7 (9)  Spells: 2 memorised, 8 levels left

rFire  . . .     SeeInvis .     a - +0 war axe
rCold  + . .     Clarity  .     o - +0 leather armour
rNeg   + + +     SustAb   .     (no shield)
rPois  ∞         Gourm    .     c - +0 helmet
rElec  .         Spirit   .     (no cloak)
rCorr  .         Warding  .     (no gloves)
rMut   .         Stasis   .     (no boots)
MR     .....                    (no amulet)
Stlth  +.........               (no ring)
                                g - +5 ring of slaying

@: brilliant, very slightly contaminated, rotting, not resistant to hostile
enchantments, very unstealthy
A: rotting body, claws 1, carnivore 3, cold resistance 1, negative energy
resistance 3, poison resistance, slow healing 1, torment resistance, unbreathing
a: Renounce Religion


You were on level 3 of the Dungeon.
You worshipped Ru.
Ru was noncommittal.
You were not hungry.

You visited 2 branches of the dungeon, and saw 6 of its levels.

You collected 157 gold pieces.

Inventory:

Hand weapons
 a - a +0 war axe (weapon)
Missiles
 d - 2 throwing nets (quivered)
Armour
 c - a +0 helmet (worn)
 o - a +0 leather armour (worn)
Jewellery
 g - a +5 ring of slaying (left claw)
Scrolls
 l - 3 scrolls of remove curse
 x - a scroll of fear {unknown}
 y - a scroll of amnesia {unknown}
 A - a scroll of random uselessness {unknown}
Potions
 j - 2 potions of poison
 m - a potion of haste
 u - a potion of lignification {unknown}
 w - a potion of berserk rage {unknown}
Books
 n - a book of Battle

   Spells                             Type                      Level
   a - Infusion                       Charms                       1
   b - Shroud of Golubria             Charms/Translocation         2
   c - Song of Slaying                Charms                       2
   d - Spectral Weapon                Hexes/Charms                 3
   e - Regeneration                   Charms/Necromancy            3
Comestibles
 f - a royal jelly
 i - 2 slices of pizza
 q - 3 meat rations


   Skills:
 + Level 5.7 Fighting
 * Level 6.7 Axes
 - Level 1.7 Throwing
 + Level 4.1 Armour
 + Level 5.4 Dodging
 + Level 3.6 Spellcasting
 * Level 5.4 Charms
 * Level 6.0 Necromancy


You had 8 spell levels left.
You knew the following spells:

 Your Spells              Type           Power        Failure   Level  Hunger
a - Regeneration          Chrm/Necr      ###.......   1%          3    ###....
b - Spectral Weapon       Hex/Chrm       ##......     3%          3    ###....


Dungeon Overview and Level Annotations

Branches:
Dungeon (5/15)             Temple (1/1) D:4

Altars:
Ashenzari
Cheibriados
Dithmenos
Elyvilon
Kikubaaqudgha
Makhleb
Nemelex Xobeh
Okawaru
Qazlal
Ru
Sif Muna
Trog
Vehumet
Yredelemnul
Zin
The Shining One

Annotations:
D:3 Purkka's ghost, average HuFi
D:4 Edmund; Prince Ribbit


Innate Abilities, Weirdness & Mutations

Your body is rotting away.
You thrive on raw meat.
You have sharp fingernails.
You are carnivorous and can eat meat at any time.
Your flesh is cold resistant.
You are immune to negative energy.
Your system is resistant to poisons.
You heal slowly when monsters are visible.
You are immune to unholy pain and torment.
You can survive without breathing.


Message History

There is an escape hatch in the ceiling here.
Unknown command.
You feel yourself slow down.
i - 2 slices of pizza (gained 1)
There are no items here.
There is a stone staircase leading up here.
You climb upwards.
Level annotation: Purkka's ghost, average HuFi The orc shouts!
The orc wizard shouts!
Purkka's ghost turns its malevolent gaze towards you.
You hear a shout! x2
Found 7 gold pieces.
An orc comes into view. It is wielding a flail.
There is a stone staircase leading down here.
Unknown command.
An orc comes into view.
The orc shouts!
The orc wizard casts a spell at you. The magic dart hits you!
You die...

#......# #......#
#......#
####......#########
..................#
.###..............#
.#................+
.#.#.###..........###
...#........W...@>..#
.###..###.#)#)#.#..##
......#
#.#.#)#.#..ooo
.###.##
#.#.#<#.#o..###
...#.# #.#.###.#...#
.#.#.# #.#.. ......#
.#...# #.... .(#...#
.# #.. ....# ###.#$#
.. ... ###.# #.#


You could see an orc wizard, Purkka's ghost and 3 orcs.

Vanquished Creatures
  Grinder (D:3)
  Menkaure (D:3)
  2 hounds (D:4)
  2 worker ants
  A hound zombie (D:3)
  4 gnolls
  5 adders
  A giant mite (D:3)
  A worm (D:2)
  2 oozes
  An orc (D:3)
  6 bats
  3 giant cockroaches
  6 hobgoblins
  3 kobolds
  A quokka (D:3)
  A giant gecko (D:1)
  5 giant newts
  3 goblins
  8 jackals
  A rat (D:4)
58 creatures vanquished.

Notes
Turn   | Place    | Note
--------------------------------------------------------------
     0 | D:1      | 4tharraofdagon, the Ghoul Gladiator, began the quest for the Orb.
     0 | D:1      | Reached XP level 1. HP: 17/17 MP: 1/1
    69 | D:1      | Reached XP level 2. HP: 22/24 MP: 2/2
   101 | D:1      | Reached skill level 3 in Dodging
   375 | D:3      | Noticed Purkka's ghost (average HuFi)
   502 | D:2      | Reached XP level 3. HP: 30/30 MP: 3/3
   819 | D:3      | Reached XP level 4. HP: 21/36 MP: 3/3
   891 | D:3      | Reached skill level 1 in Armour
   891 | D:3      | Reached XP level 5. HP: 38/44 MP: 4/4
   904 | D:3      | Learned a level 3 spell: Regeneration
   946 | D:3      | Found a burning altar of Makhleb.
  1042 | D:4      | Noticed Grinder
  1056 | D:3      | Killed Grinder
  1056 | D:3      | Reached skill level 4 in Axes
  1056 | D:3      | Reached skill level 1 in Spellcasting
  1056 | D:3      | Reached skill level 1 in Charms
  1056 | D:3      | Reached skill level 1 in Necromancy
  1056 | D:3      | Reached XP level 6. HP: 45/51 MP: 4/7
  1061 | D:3      | Learned a level 3 spell: Spectral Weapon
  1092 | D:4      | Noticed Menkaure
  1093 | D:4      | Noticed an ogre
  1112 | D:3      | Killed Menkaure
  1112 | D:3      | Reached XP level 7. HP: 34/57 MP: 8/8
  1448 | D:4      | Noticed Prince Ribbit
  1496 | D:5      | Entered Level 5 of the Dungeon
  1632 | D:4      | Found a staircase to the Ecumenical Temple.
  1640 | Temple   | Entered the Ecumenical Temple
  1651 | Temple   | Became a worshipper of Ru the Awakened
  1759 | D:4      | HP: 2/53 [worker ant (1)]
  1762 | D:4      | Reached skill level 5 in Fighting
  1762 | D:4      | Reached skill level 6 in Axes
  1762 | D:4      | Reached skill level 5 in Dodging
  1762 | D:4      | Reached skill level 5 in Charms
  1762 | D:4      | Reached XP level 8. HP: 21/66 MP: 9/15
  1774 | D:4      | Noticed Edmund
  1799 | D:3      | Killed from afar by an orc wizard

Action                   |  1- 3 |  4- 6 |  7- 9 || total
-------------------------+-------+-------+-------++-------
Melee: War axe           |    75 |    59 |    42 ||   176
Throw: Throwing net      |       |     4 |       ||     4
 Cast: Regeneration      |       |       |     1 ||     1
  Use: Potion            |       |       |    11 ||    11
       Scroll            |       |       |     4 ||     4
  Eat: Chunk             |     1 |    10 |     3 ||    14
